 Dungeon Crawl Stone Soup version 0.29.1-1-gd02db6906a (webtiles) character file.

Game seed: 17556442638770149311

23 Glamhuggeren the Chopper (level 2, -1/23 HPs)
             Began as a Demonspawn Gladiator on Oct 7, 2022.
             Slain by Terence
             ... wielding a +0 hand axe
              (4 damage)
             ... on level 2 of the Dungeon.
             The game lasted 00:01:46 (1196 turns).

Glamhuggeren the Chopper (Demonspawn Gladiator)     Turns: 1196, Time: 00:01:47

Health: -1/23      AC:  4    Str: 14    XL:     2   Next: 75%
Magic:  2/2        EV: 12    Int:  9    God:
Gold:   58         SH:  0    Dex: 14    Spells: 1/1 levels left

rFire   . . .      SeeInvis .   a - +0 war axe
rCold   . . .      Faith    .   (no shield)
rNeg    . . .      Spirit   .   b - +0 leather armour
rPois   .          Reflect  .   c - +0 helmet
rElec   .          Harm     .   (no cloak)
rCorr   +          Rampage  .   (no gloves)
Will    .....                   (no boots)
Stlth   +.........              (no amulet)
HPRegen 0.07/turn               m - ring of resist corrosion
MPRegen 0.08/turn               (no ring)

@: no status effects
A: powered by pain 1
a: no special abilities


You were on level 2 of the Dungeon.
You visited 1 branch of the dungeon, and saw 2 of its levels.

You collected 58 gold pieces.

Inventory:

Hand Weapons
 a - a +0 war axe (weapon)
Missiles
 d - 3 throwing nets (quivered)
 e - a javelin
 f - 24 stones
 i - 5 poisoned darts
 p - 6 atropa-tipped darts
Armour
 b - a +0 leather armour (worn)
 c - a +0 helmet (worn)
Jewellery
 m - a ring of resist corrosion (left hand)
Scrolls
 g - 2 scrolls of teleportation {unknown}
 h - 2 scrolls of identify {unknown}
 j - a scroll of enchant weapon {unknown}
 k - a scroll of immolation {unknown}
 n - a scroll of fear {unknown}
 o - a scroll of magic mapping {unknown}
Potions
 l - 2 potions of haste {unknown}
 q - a potion of degeneration {unknown}


   Skills:
 * Level 2.7 Fighting
 + Level 2.9 Axes
 - Level 2.0 Throwing
 + Level 2.9 Dodging


You had one spell level left.
You didn't know any spells.
Your spell library contained the following spells:

 Spells                   Type           Power      Damage    Failure   Level
 Beastly Appendage        Tmut           0%         N/A       45%         1
 Wereblood                Tmut           0%         N/A       61%         2
 Spider Form              Tmut/Pois      0%         N/A       83%         3


Dungeon Overview and Level Annotations

Branches:
Dungeon (2/15)

Altars:

Annotations:
D:2 Terence


Innate Abilities, Weirdness & Mutations

You sometimes gain a little power by taking damage.


Message History

The endoplasm freezes you.
You are frozen.
You slash the endoplasm!
You kill the endoplasm!
HP restored.
f - 24 stones (gained 1)
You see here a +0 short sword.
You now have 51 gold pieces (gained 11).
You now have 58 gold pieces (gained 7).
p - 6 atropa-tipped darts
g - 2 scrolls labelled ARHASHR XEKUSALL (gained 1)
You open the door.
There is an open door here.
Found a stone staircase leading down.
q - a fuming brown potion Terence and a kobold come into view.
Terence drinks a potion.
Terence flickers and vanishes!
Deactivating autopickup; reactivate with Ctrl-A.
Found 16 gold pieces.
You miss something. Something barely misses you. Something hits you.
The kobold completely misses you.
You hit something. You closely miss the kobold. Something hits you.
The kobold hits you but does no damage. Something hits you.
The kobold barely misses you.
You barely miss something. You closely miss the kobold. Something hits you.
The kobold closely misses you.
You barely miss something. You punch something. You completely miss the kobold.
Something hits you. The kobold barely misses you.
Something completely misses you. The kobold barely misses you.
You slash something! You closely miss the kobold.
The kobold hits you but does no damage. Something hits you but does no damage.
You miss something. You hit the kobold.
You kill the kobold!
Something hits you.
* * * LOW HITPOINT WARNING * * *
You completely miss something. Something hits you.
* * * LOW HITPOINT WARNING * * *
Something hits you but does no damage.
You hit something. Something hits you.
You die...

#####'######
##+# #.#
..$.. #.#
..... #.#
...... #.#
.... #.#
#..# #.#
#.)## #.#
#{@# #.#
##.# #.# #.#
#.#
#.#####.#
#.......#
######>.#
#.## #.# #.#


There were no monsters in sight!

Vanquished Creatures
  A bat (D:1)
  An endoplasm (D:2)
  2 giant cockroaches (D:1)
  4 goblins
  A hobgoblin (D:2)
  3 ball pythons (D:1)
  2 frilled lizards (D:1)
  6 kobolds
  3 rats (D:1)
23 creatures vanquished.

Notes
Turn   | Place    | Note
-------+----------+-------------------------------------------
     0 | D:1      | Glamhuggeren the Demonspawn Gladiator began the quest for
                  | the Orb.
     0 | D:1      | Reached XP level 1. HP: 16/16 MP: 1/1
   339 | D:1      | Gained mutation: You sometimes gain a little power by
                  | taking damage. [demonic ancestry]
   339 | D:1      | Reached XP level 2. HP: 23/23 MP: 2/2
   905 | D:1      | Found a faded altar of an unknown god.
  1186 | D:2      | Noticed Terence
  1196 | D:2      | Slain by Terence

Illustrated notes

Levels and vault maps discovered:
D:1:      dpeg_arrival_lava_temple_mockup, layout_basic,
          dilly_ecumenical_altar_fadedgnrine
D:2:      layout_basic, uniq_terence

Skill      XL: |  1  2 |
---------------+-------+-----
Throwing       | 2 |  2.0
Fighting       | |  2.7
Axes           | |  2.9
Dodging        | |  2.9

Action                   || total
-------------------------++-------
Melee: War axe           ||    53
       Punch             ||     1
 Stab: Sleeping          ||     1
Armor: Leather armour    ||    25
Dodge: Dodged            ||    37
